 Dungeon Crawl Stone Soup version 0.31-a0-1626-g5cb510d322 (webtiles) character file.

Game seed: 5128666916190487662

1757 anacleto the Changeling (level 8, -4/78 HPs)
             Began as a Troll Shapeshifter on Jan 13, 2024.
             Slain by a wyvern zombie (13 damage)
             ... on level 5 of the Dungeon.
             The game lasted 00:09:46 (4053 turns).

anacleto the Changeling (Troll Shapeshifter)        Turns: 4053, Time: 00:09:47

Health: -4/78      AC:  4    Str: 25    XL:     8   Next: 79%
Magic:  7/7        EV: 10    Int:  6    God:
Gold:   144        SH:  0    Dex:  9    Spells: 7/7 levels left

rFire   . .          .
                       - Unarmed
rCold   . . .        (no shield)
rNeg    . . .        a - +0 animal skin
rPois   .            (helmet currently unavailable)
rElec   .            (cloak currently unavailable)
rCorr   .            (gloves unavailable)
SInv    .            (boots unavailable)
Will    .....        (no amulet)
Stlth   +            (no ring)
HPRegen 1.13/turn    (no ring)
MPRegen 0.10/turn

%: no passive effects
@: about to teleport, beast-form
A: beast (slay +4), large, unfitting armour, claws 3, regeneration 1, shaggy fur
1, tough skin 1
a: Begin Untransformation


You were on level 5 of the Dungeon.
You were a hulking beast.
You visited 1 branch of the dungeon, and saw 5 of its levels.
You also visited: Ossuary.

You collected 144 gold pieces.

Inventory:

Missiles
 h - 6 poisoned darts
Armour
 a - a +0 animal skin (worn)
Jewellery
 r - a +6 ring of dexterity
 t - a ring of poison resistance
Talismans
 c - a beast talisman
 d - a flux talisman
Wands
 e - a wand of quicksilver (8)
Scrolls
 f - 2 scrolls of teleportation
 k - 2 scrolls of poison
 l - 2 scrolls of immolation
 m - 3 scrolls of blinking {unknown}
 o - a scroll of enchant weapon {unknown}
 q - a scroll of butterflies {unknown}
 u - a scroll of enchant armour {unknown}
 y - 2 scrolls of revelation {unknown}
Potions
 b - 4 potions of lignification
 g - a potion of haste
 j - a potion of resistance {unknown}
 n - a potion of invisibility {unknown}
 p - a potion of enlightenment {unknown}
 s - 3 potions of heal wounds {unknown}
 v - a potion of mutation {unknown}
 w - a potion of might {unknown}
 x - 5 potions of curing {unknown}


   Skills:
 + Level 4.2 Fighting
 + Level 4.4 Dodging
 + Level 5.9 Unarmed Combat
 * Level 7.2 Shapeshifting


You had 7 spell levels left.
You didn't know any spells.
Your spell library contained the following spells:

 Spells                   Type           Power      Damage    Failure   Level
 Slow                     Hex            0%         N/A       45%         1
 Confusing Touch          Hex            0%         N/A       83%         3
 Gell's Gravitas          Tloc           0%         N/A       83%         3
 Sigil of Binding         Hex            0%         N/A       83%         3
 Teleport Other           Tloc           0%         N/A       83%         3
 Vampiric Draining        Necr           0%         2d6       83%         3
 Animate Armour           Summ/Erth      0%         N/A       99%         4
 Ignite Poison            Fire/Alch      0%         N/A       99%         4
 Dispersal                Tloc           0%         N/A       100%        6
 Monstrous Menagerie      Summ           0%         N/A       100%        7


Dungeon Overview and Level Annotations

Branches:
Dungeon (5/15)            Ossuary (visited)
 Temple: D:4-7

Altars:
Ru
Vehumet

Shops:
D:5 :


Innate Abilities, Weirdness & Mutations

You are a hulking beast.
Your limbs bulge with bestial killing power. (Slay +4)
You are too large for most types of armour.
You have claws for hands.
Your natural rate of healing is unusually fast.
You are covered in fur. (AC +1)
You have tough skin. (AC +1)


Message History

The hound skeleton barely misses you.
You claw the hound skeleton!
You destroy the hound skeleton!
The wyvern zombie closely misses you. The wyvern zombie bites you.
The bullfrog skeleton closely misses you.
The wyvern zombie completely misses you.
The bullfrog skeleton closely misses you.
The wyvern zombie barely misses you.
The bullfrog skeleton completely misses you.
You scratch the bullfrog skeleton. Your claw misses the bullfrog skeleton.
The bullfrog skeleton is lightly damaged.
The wyvern zombie bites you! The bullfrog skeleton hits you.
You barely miss the bullfrog skeleton. Your claw misses the bullfrog skeleton.
The bullfrog skeleton is lightly damaged.
The wyvern zombie bites you! The bullfrog skeleton hits you.
You scratch the bullfrog skeleton.
The bullfrog skeleton is moderately damaged.
The wyvern zombie bites you. The bullfrog skeleton hits you.
You scratch the bullfrog skeleton.
The bullfrog skeleton is heavily damaged.
The wyvern zombie bites you!
The bullfrog skeleton hits you but does no damage.
The wyvern zombie bites you!
You scratch the bullfrog skeleton.
The bullfrog skeleton is severely damaged.
The bullfrog skeleton hits you.
* * * LOW HITPOINT WARNING * * *
The wyvern zombie bites you!
* * * LOW HITPOINT WARNING * * *
The bullfrog skeleton closely misses you.
As you read the scroll of teleportation, it crumbles to dust.
You feel strangely unstable. The wyvern zombie bites you.
* * * LOW HITPOINT WARNING * * *
The bullfrog skeleton hits you.
* * * LOW HITPOINT WARNING * * *
The bullfrog skeleton attacks as it pursues you!
The bullfrog skeleton barely misses you.
The wyvern zombie bites you!
You die...

.##.P8.########+###
#.........
.##.8.P#..........#
#.........
.####..#..........#
#......... ##
#.##.....88...#
#####<....
#.##..........#
####..
#####'##.......8..#
###..
.......####.....#
#....
................##
#....
†......########.h#
#.... .......#
#P..P.Z.# #....
.......# #.~.~~Z.#
#.... .......#
#.~~~...# #....
.......# #.~~~~~.#
#.... ########
#..~~...# #....
#P......# #....
######### ..P..


You could see a wyvern zombie and a bullfrog skeleton.

Vanquished Creatures
  Sigmund (D:3)
  An ice beast (D:5)
  A centaur (D:5)
  2 phantoms (D:5)
  Blork the orc (D:4)
  3 scorpions
  4 wights (Ossuary)
  3 hounds
  2 bombardier beetles
  An orc priest (D:5)
  3 spectral scorpions (Ossuary)
  2 iguanas
  Ijyb (D:5)
  A centaur skeleton (Ossuary)
  2 scorpion zombies (D:5)
  2 orc wizards
  A crocodile zombie (Ossuary)
  2 hound skeletons (D:5)
  Robin (D:3)
  6 mummies (Ossuary)
  8 adders
  4 ribbon worms
  A dart slug (D:5)
  15 orcs
  8 ball pythons
  4 bats
  6 endoplasms
  5 giant cockroaches
  10 goblins
  9 hobgoblins
  10 jackals
  3 quokkas
  4 frilled lizards
  3 gnoll skeletons (Ossuary)
  2 kobolds
  3 kobold skeletons (Ossuary)
  An orc skeleton (Ossuary)
  8 rats
  10 spectral rats (Ossuary)
154 creatures vanquished.

Notes
Turn   | Place    | Note
-------+----------+-------------------------------------------
     0 | D:1      | anacleto the Troll Shapeshifter began the quest for the
                  | Orb.
     0 | D:1      | Reached XP level 1. HP: 18/18 MP: 0/0
    89 | D:1      | Reached skill level 1 in Fighting
   202 | D:1      | Reached XP level 2. HP: 27/27 MP: 1/1
   603 | D:2      | Reached XP level 3. HP: 33/33 MP: 2/2
  1107 | D:2      | Reached XP level 4. HP: 41/41 MP: 3/3
  1373 | D:3      | Reached skill level 4 in Shapeshifting
  1373 | D:3      | Reached XP level 5. HP: 34/49 MP: 4/4
  1395 | D:3      | Found a faded altar of an unknown god.
  1440 | D:3      | Noticed Sigmund
  1531 | D:4      | Reached XP level 6. HP: 41/57 MP: 5/5
  1837 | D:4      | Noticed Blork the orc
  1847 | D:4      | Killed Blork the orc
  1848 | D:4      | Reached skill level 5 in Shapeshifting
  2051 | D:3      | Noticed Robin
  2061 | D:3      | Killed Robin
  2129 | D:3      | Found a radiant altar of Vehumet.
  2319 | D:3      | Found a sacrificial altar of Ru.
  2498 | D:3      | Killed Sigmund
  2499 | D:3      | Reached XP level 7. HP: 67/67 MP: 6/6
  2746 | D:5      | Entered Level 5 of the Dungeon
  2851 | D:5      | Found Rieroutebli's Self-Improvement Boutique.
  2890 | D:5      | Noticed Ijyb
  2892 | D:5      | Found a sand-covered staircase.
  2904 | D:5      | Killed Ijyb
  2949 | Ossuary  | Entered an ossuary
  3111 | Ossuary  | Reached skill level 5 in Unarmed Combat
  3178 | Ossuary  | Reached skill level 6 in Shapeshifting
  3206 | Ossuary  | Reached XP level 8. HP: 67/75 MP: 7/7
  3909 | D:5      | Got Lingu's Discursus on the Sweltering Throng
  3927 | D:5      | Reached skill level 7 in Shapeshifting
  4053 | D:5      | Slain by a wyvern zombie

Illustrated notes

Levels and vault maps discovered:
D:1:      nicolae_arrival_washed_ashore, layout_basic
D:2:      layout_loops_cross, grunt_ministairs_14, minmay_liquid_box
D:3:      layout_loops_ring, nicolae_ru_the_path_less_chosen,
          lemuel_doored_altar, basic_ecumenical_altar, uniq_robin, uniq_sigmund
D:4:      layout_cave_pools, roderic_roman_lattice, st_stairs_3,
          uniq_blork_the_orc
D:5:      layout_basic, lightli_ossuary_entry_decrepit_ruins, serial_undead,
          serial_undead_c, serial_undead_e, serial_undead_f, serial_undead_b,
          serial_undead_c, serial_undead_b, serial_undead_c,
          nicolae_shop_self_help, uniq_ijyb

Skill      XL: |  1  2  3  4  5  6  7  8 |
---------------+-------------------------+-----
Fighting       | 1 2 3 4 |  4.2
Dodging        | 2 3 4 |  4.4
Shapeshifting  | 4 5 6 7 |  7.2
Unarmed Combat | 4 5 |  5.9

Action                     |  1- 3 |  4- 6 |  7- 9 || total
---------------------------+-------+-------+-------++-------
  Melee: Unarmed           |    82 |   121 |   197 ||   400
         Punch             |     1 |     8 |     6 ||    15
  Throw: Throwing net      |       |     2 |       ||     2
    Use: Scroll            |       |     1 |     6 ||     7
         Potion            |       |     1 |     2 ||     3
   Stab: Sleeping          |     2 |       |       ||     2
 Armour: Animal skin       |    57 |    75 |   139 ||   271
  Dodge: Dodged            |    41 |    70 |   102 ||   213

Table legend: (Time is in decaauts)
 A = Elapsed time spent in this place.
 B = Non-inter-level travel time spent in this place.
 C = Inter-level travel time spent in this place.
 D = Time resting spent in this place.
 E = Time spent auto-exploring this place.
 F = Levels seen in this place.
 G = Mean time per level.
                   A        B        C        D        E       F      G
               +--------+--------+--------+--------+--------+-----+--------+
         Total |   3999 |   3892 |    107 |    345 |   2238 |   6 |  666.5 |
       Dungeon |   3363 |   3256 |    107 |    189 |   2139 |   5 |  672.6 |
       Ossuary |    636 |    636 |      0 |    156 |     99 |   1 |  636.0 |
               +--------+--------+--------+--------+--------+-----+--------+

Top non-repeatable levels by time:
     D:3: 908 daAuts
     D:2: 668 daAuts
 Ossuary: 636 daAuts
     D:5: 631 daAuts
     D:1: 587 daAuts
     D:4: 569 daAuts
